 Dungeon Crawl Stone Soup version 0.27.1-33-g824d729ab1 (webtiles) character file.

Game seed: 16731367862093753461

82 Atelerd the Digger (level 4, -1/27 HPs)
             Began as an Octopode Earth Elementalist on Dec 18, 2021.
             Killed by nerve-wracking pain
             ... invoked by a shadow imp
              (7 damage)
             ... on level 3 of the Dungeon.
             The game lasted 00:03:10 (2687 turns).

Atelerd the Digger (Octopode Earth Elementalist)    Turns: 2687, Time: 00:03:10

Health: -1/27      AC:  1    Str:  7    XL:     4   Next: 43%
Magic:  3/8        EV: 13    Int: 18    God:
Gold:   88         SH:  0    Dex: 12    Spells: 8/9 levels left

rFire    . . .     SeeInvis .   g - +2 short sword (drain)
rCold    . . .     Faith    .   (no shield)
rNeg     . . .     Spirit   .   (helmet restricted)
rPois    .         Reflect  .   (no amulet)
rElec    .         Harm     .   (no ring)
rCorr    .         Rampage  .   (no ring)
Will     .....                  (no ring)
Stlth    +++.......             (no ring)
HPRegen  0.09/turn              (no ring)
MPRegen  0.11/turn              (no ring)
                                (no ring)
                                (no ring)

@: no status effects
A: almost no armour, amphibious, 8 rings, camouflage 1, gelatinous body 1,
(nimble swimmer 1), tentacles
a: no special abilities


You were on level 3 of the Dungeon.
You visited 1 branch of the dungeon, and saw 3 of its levels.

You collected 88 gold pieces.

Inventory:

Hand Weapons
 a - a +0 dagger
 g - a +2 short sword of draining (weapon)
Missiles
 b - 76 stones
Jewellery
 f - a ring of fire
 k - a ring of fire
Wands
 h - a wand of paralysis (8)
Scrolls
 c - a scroll of teleportation {unknown}
 j - a scroll of fear {unknown}
Potions
 d - a potion of haste {unknown}
 e - a potion of brilliance {unknown}
 i - a potion of cancellation {unknown}


   Skills:
 - Level 2.0 Dodging
 - Level 2.6 Stealth
 + Level 3.0 Spellcasting
 - Level 2.0 Transmutations
 + Level 3.9 Earth Magic


You had 8 spell levels left.
You knew the following spells:

 Your Spells              Type           Power      Damage    Failure   Level
a - Sandblast             Erth           34%        2d9       3%          1

Your spell library contained the following spells:

 Spells                   Type           Power      Damage    Failure   Level
 Passwall                 Tmut/Erth      10%        N/A       7%          2
 Stone Arrow              Conj/Erth      18%        3d8       22%         3
 Ignite Poison            Fire/Tmut/Pois 5%         N/A       36%         3
 Mephitic Cloud           Conj/Pois/Air  2%         N/A       43%         3
 Petrify                  Tmut/Erth      13%        N/A       43%         4
 Bolt of Magma            Conj/Fire/Erth 3%         4d5       95%         5


Dungeon Overview and Level Annotations

Branches:
Dungeon (3/15)

Altars:


Innate Abilities, Weirdness & Mutations

You cannot wear most types of armour.
You are amphibious.
You can wear up to eight rings at the same time.
Your skin changes colour to match your surroundings (Stealth+).
Your rubbery body absorbs attacks. (AC +1, EV +1)
((You are camouflaged near water. (Stealth+)))
You have tentacles for arms and can constrict up to eight enemies at once.


Message History

The blast of sand hits the orc.
The orc is moderately wounded.
The shadow imp shouts, "Slither away, thou loggerheaded mumble-news flap-bat!"
The orc hits you but does no damage.
Casting: Sandblast (safe; 3% risk of failure)
Confirm with . or Enter, or press ? or * to list all spells.
Aiming: Sandblast (safe; 3% risk of failure)
Press: ? - help, Shift-Dir - straight line, f/p - orc
Aim: an orc, wielding a +0 dagger and wearing a +0 scale mail (moderately wounded, 82% to hit)
The blast of sand hits the orc but does no damage.
The orc is moderately wounded.
The orc barely misses you.
Unknown command.
Casting: Sandblast (safe; 3% risk of failure)
Confirm with . or Enter, or press ? or * to list all spells.
Aiming: Sandblast (safe; 3% risk of failure)
Press: ? - help, Shift-Dir - straight line, f/p - orc
Aim: an orc, wielding a +0 dagger and wearing a +0 scale mail (moderately wounded, 82% to hit)
The blast of sand hits the orc.
You kill the orc!
Unknown command.
Unknown command.
Casting: Sandblast (safe; 3% risk of failure)
Confirm with . or Enter, or press ? or * to list all spells.
Aiming: Sandblast (safe; 3% risk of failure)
Press: ? - help, Shift-Dir - straight line, f - shadow imp
Aim: a shadow imp (77% to hit)
The blast of sand hits the shadow imp but does no damage.
The shadow imp puffs mist at you.
Unknown command.
Things that are here:
a +0 dagger; a +0 scale mail
Press: ? - help, v - describe, . - travel
Here: a shadow imp The floor.
The shadow imp disappears for a moment.
There is a stone staircase leading down here.
The shadow imp gestures at you. Pain shoots through your body!
You die...

........).#†....# #.........#
#########...###.####..#####..#
........o..####..............#
.########.............#####.##
$.## ###..##########.# #.#
.#.## #........†......# #.#
.##o###.###†########### #.#
........# #.....###########.#
.##o##..###.#.#.@.5..>......#
.#.#o.......#...#############
..##o####.####### .# #.# #.# .
#.# # # ... ..# ###


You could see a shadow imp.

Vanquished Creatures
  A gnoll (D:1)
  2 adders (D:2)
  2 worms
  2 orcs (D:3)
  3 endoplasms
  4 hobgoblins
  2 jackals (D:1)
  6 kobolds
  2 quokkas
  6 ball pythons
  7 bats
  4 frilled lizards
  2 goblins
  4 rats
47 creatures vanquished.

Notes
Turn   | Place    | Note
-------+----------+-------------------------------------------
     0 | D:1      | Atelerd the Octopode Earth Elementalist began the quest for
                  | the Orb.
     0 | D:1      | Reached XP level 1. HP: 11/11 MP: 3/3
   162 | D:1      | Reached XP level 2. HP: 10/17 MP: 1/5
   966 | D:1      | Reached XP level 3. HP: 9/21 MP: 4/6
  2064 | D:2      | Reached XP level 4. HP: 27/27 MP: 8/8
  2631 | D:3      | HP: 1/27 [orc (5)]
  2687 | D:3      | Killed from afar by a shadow imp

Illustrated notes

Levels and vault maps discovered:
D:1:      zaba_arrival_water, layout_basic, serial_bayou_lagoon_a,
          nrook_loot_triangle, moated_statue, amcnicky_mini_corridor_feature
D:2:      wander_river, layout_rooms, hangedman_decor_points
D:3:      layout_loops_ring, kennysheep_generic_room_14, uniq_robin

Skill      XL: |  1  2  3  4 |
---------------+-------------+-----
Transmutations | 2 |  2.0
Spellcasting   | 3 |  3.0
Dodging        | |  2.0
Stealth        | |  2.6
Earth Magic    | |  3.9

Action                   |  1- 3 |  4- 6 || total
-------------------------+-------+-------++-------
Melee: Dagger            |    38 |       ||    38
       Constrict         |    11 |     6 ||    17
       Tentacles         |    10 |     4 ||    14
       Unarmed           |     4 |       ||     4
       Short sword       |     4 |    26 ||    30
 Cast: Sandblast         |    19 |    12 ||    31
 Stab: Sleeping          |     8 |     5 ||    13
Armor: Skin              |     2 |     4 ||     6
Dodge: Dodged            |    37 |    20 ||    57
